 Dungeon Crawl Stone Soup version 0.23-a0-29-g1be82e5 (webtiles) character file.

292 asd12 the Slasher (level 6, -2/47 HPs)
             Began as a Demonspawn Gladiator on Aug 3, 2018.
             Slain by Edmund
             ... wielding a +2 flail of protection
              (11 damage)
             ... on level 4 of the Dungeon.
             The game lasted 00:05:45 (3696 turns).

asd12 the Slasher (Demonspawn Gladiator)            Turns: 3696, Time: 00:05:45

Health: -2/47      AC:  8    Str: 21    XL:     6   Next: 10%
Magic:  6/6        EV: 23    Int:  9    God:
Gold:   177        SH:  0    Dex: 20    Spells: 5/5 levels left

rFire    . . .     SeeInvis .   a - +0 long sword
rCold    . . .     Gourm    .   (no shield)
rNeg     . . .     Faith    .   b - +0 leather armour
rPois    .         Spirit   .   c - +0 helmet
rElec    .         Reflect  .   x - +0 cloak
rCorr    .         Harm     .   h - +0 pair of gloves
MR       .....                  (no boots)
Stlth    +++.......             j - amulet of the acrobat
HPRegen  0.15/turn              k - +4 ring of evasion
MPRegen  0.10/turn              (no ring)

@: mighty, agile
A: claws 2, yellow scales 1, powered by death 1
a: no special abilities


You were on level 4 of the Dungeon.
You were not hungry.

You visited 1 branch of the dungeon, and saw 4 of its levels.

You collected 177 gold pieces.

Inventory:

Hand Weapons
 a - a +0 long sword (weapon)
 w - a +4 quarterstaff of chaos
Missiles
 d - a throwing net
 l - 5 silver tomahawks (quivered)
Armour
 b - a +0 leather armour (worn)
 c - a +0 helmet (worn)
 h - a +0 pair of gloves (worn)
 x - a +0 cloak (worn)
Jewellery
 j - an amulet of the acrobat (around neck)
 k - a +4 ring of evasion (left hand)
 q - a +2 amulet of reflection {unknown}
Scrolls
 e - a scroll of immolation {unknown}
 g - 4 scrolls of identify
 n - 4 scrolls of teleportation {unknown}
 p - a scroll of fear {unknown}
 r - a scroll of enchant weapon {unknown}
 s - a scroll of enchant armour {unknown}
 u - a scroll of magic mapping {unknown}
Potions
 i - a potion of brilliance {unknown}
 m - a potion of agility
 t - a potion of degeneration {unknown}
Comestibles
 f - 4 rations
 v - a chunk of flesh


   Skills:
 + Level 3.3 Fighting
 * Level 4.4 Long Blades
 - Level 1.7 Throwing
 + Level 3.6 Dodging
 + Level 2.5 Stealth


You had 5 spell levels left.
You didn't know any spells.
Your spell library was empty.

Dungeon Overview and Level Annotations

Branches:
Dungeon (4/15)
 Temple: D:4-7

Altars:
Qazlal
Ru
Xom

Annotations:
D:4 Edmund


Innate Abilities, Weirdness & Mutations

You have very sharp fingernails.
You are partially covered in yellow scales. (AC +2)
You regenerate a little health from kills.


Message History

Edmund is severely wounded.
Unknown command.
Edmund hits you with a flail of protection.
* * * LOW HITPOINT WARNING * * *
Found a leather armour.
A phantom opens the door.
Found a sacrificial altar of Ru.
An adder comes into view.
The adder moves out of view.
You slash the phantom!
The phantom is moderately damaged.
The phantom hits you.
* * * LOW HITPOINT WARNING * * *
It was a potion of might.
You feel very mighty all of a sudden.
The phantom blinks!
You closely miss Edmund.
Edmund is severely wounded.
Edmund hits you with a flail of protection!
You die...

.....[......#
............+
............#
......†.....#
........)...#
............#
..+#######S.#
. #...#@# #..
#@# .S. #.#
#._ #[# ..
### .


You could see Edmund and an adder (wandering).

Vanquished Creatures
  A howler monkey (D:4)
  Crazy Yiuf (D:3)
  Natasha (thrice) (D:2)
  8 adders
  An ooze (D:1)
  2 worms
  2 dart slugs (D:1)
  6 orcs
  4 bats
  A giant cockroach (D:3)
  5 hobgoblins
  7 jackals (D:1)
  3 kobolds
  A quokka (D:2)
  A ball python (D:1)
  5 frilled lizards
  5 goblins
  A quokka skeleton (D:3)
  5 rats
62 creatures vanquished.

Notes
Turn   | Place    | Note
-------+----------+-------------------------------------------
     0 | D:1      | asd12 the Demonspawn Gladiator began the quest for the Orb.
     0 | D:1      | Reached XP level 1. HP: 16/16 MP: 1/1
   290 | D:1      | Reached skill level 3 in Long Blades
   290 | D:1      | Gained mutation: You regenerate a little health from kills. [demonic ancestry]
   290 | D:1      | Reached XP level 2. HP: 18/22 MP: 2/2
   720 | D:1      | Reached skill level 1 in Stealth
   806 | D:1      | Reached XP level 3. HP: 28/28 MP: 3/3
  1417 | D:2      | Gained mutation: You have sharp fingernails. [demonic ancestry]
  1417 | D:2      | Reached XP level 4. HP: 21/34 MP: 4/4
  1723 | D:2      | Noticed Natasha
  1738 | D:2      | Killed Natasha
  1846 | D:2      | Noticed Natasha
  1862 | D:2      | Killed Natasha
  1862 | D:2      | Gained mutation: You have very sharp fingernails. [demonic ancestry]
  1862 | D:2      | Reached XP level 5. HP: 32/40 MP: 5/5
  2109 | D:2      | Noticed Natasha
  2120 | D:2      | Killed Natasha
  2120 | D:2      | Reached skill level 4 in Long Blades
  3129 | D:3      | Found a runed door.
  3247 | D:3      | Found a stormy altar of Qazlal.
  3247 | D:3      | Found a shimmering altar of Xom.
  3433 | D:3      | Noticed Crazy Yiuf
  3582 | D:3      | Killed Crazy Yiuf
  3648 | D:4      | Noticed Edmund
  3654 | D:4      | Gained mutation: You are partially covered in yellow scales. (AC +2) [demonic ancestry]
  3654 | D:4      | Reached XP level 6. HP: 40/47 MP: 6/6
  3691 | D:4      | Found a sacrificial altar of Ru.
  3696 | D:4      | Slain by Edmund

Vault maps used:
D:1:      evilmike_arrival_run_for_it
D:2:      cheibrodos_old_hovel, serial_forest, infiniplex_forest_end_1,
          infiniplex_forest_clump_C, infiniplex_forest_clump_cross,
          infiniplex_forest_clump_long, infiniplex_forest_clump_diagonal,
          infiniplex_forest_corner_2, infiniplex_forest_end_2,
          infiniplex_forest_lined_room_3, kennysheep_generic_room_10,
          uniq_natasha
D:3:      gammafunk_temple_overflow_wave, uniq_crazy_yiuf_cottage
D:4:      first_ration, nicolae_ru_great_annihilating_truth, uniq_blork_the_orc,
          uniq_eustachio, uniq_grinder, uniq_edmund

Skill      XL: |  1  2  3  4  5 |
---------------+----------------+-----
Long Blades    | 3 4 |  4.4
Stealth        | 1 2 |  2.5
Dodging        | 3 |  3.6
Fighting       | 3 |  3.3
Throwing       | |  1.7

Action                   |  1- 3 |  4- 6 || total
-------------------------+-------+-------++-------
Melee: Long sword        |   103 |   148 ||   251
Throw: Throwing net      |       |     2 ||     2
       Tomahawk          |       |     1 ||     1
  Use: Scroll            |       |     2 ||     2
       Potion            |       |     3 ||     3
 Stab: Sleeping          |       |     2 ||     2
       Distracted        |       |     1 ||     1
  Eat: Chunk             |     2 |     7 ||     9
Armor: Leather armour    |    33 |    21 ||    54
       Skin              |       |    25 ||    25
Dodge: Dodged            |    64 |   118 ||   182
       Rpst.: Long sword |    19 |    33 ||    52

Table legend:
 A = Spawn XP
 B = Non-spawn XP
 C = Spawn XP percentage of total XP
 D = Spawn monster count
 E = Non-spawn monster count
 F = Spawn count percentage of total count
 G = Total turns spent on level
                    A         B        C        D         E        F      G
               +---------+---------+-------+---------+---------+-------+---------
         Total |       0 |     418 |   0.0 |       0 |      62 |   0.0 |  3696
               +---------+---------+-------+---------+---------+-------+---------
           D:1 |       0 |      51 |   0.0 |       0 |      24 |   0.0 |  1262
           D:2 |       0 |     209 |   0.0 |       0 |      20 |   0.0 |  1393
           D:3 |       0 |      97 |   0.0 |       0 |      16 |   0.0 |   993
           D:4 |       0 |      61 |   0.0 |       0 |       2 |   0.0 |    48
               +---------+---------+-------+---------+---------+-------+---------
